 Dungeon Crawl Stone Soup version 0.25-a0-992-gca090100c3 (webtiles) character file.

Game seed: 12341282672621892112, levelgen mode: deterministic

678 Flugslaktarn the Chopper (level 7, -2/61 HPs)
             Began as a Minotaur Fighter on May 11, 2020.
             Was a Follower of Okawaru.
             Shot with an arrow by a centaur (9 damage)
             ... on level 6 of the Dungeon.
             The game lasted 00:01:56 (3197 turns).

Flugslaktarn the Chopper (Minotaur Fighter)         Turns: 3197, Time: 00:01:56

Health: -2/61      AC:  9    Str: 20    XL:     7   Next: 34%
Magic:  7/7        EV:  5    Int:  5    God:    Okawaru [*.....]
Gold:   152        SH:  9    Dex: 12    Spells: 6/6 levels left

rFire    . . .     SeeInvis .   a - +0 war axe
rCold    . . .     Gourm    .   c - +0 kite shield
rNeg     . . .     Faith    .   l - +0 chain mail
rPois    .         Spirit   .   (helmet restricted)
rElec    .         Reflect  .   (no cloak)
rCorr    .         Harm     .   (no gloves)
MR       +....                  (no boots)
Stlth    ..........             j - amulet of rage
HPRegen  0.20/turn              m - ring of protection from magic
MPRegen  0.10/turn              (no ring)

@: heavily drained
A: retaliatory headbutt, horns 2
a: Heroism, Renounce Religion, Evoke Berserk Rage


You were on level 6 of the Dungeon.
You worshipped Okawaru.
Okawaru was aware of your devotion.
You were not hungry.

You visited 1 branch of the dungeon, and saw 6 of its levels.

You collected 152 gold pieces.

Inventory:

Hand Weapons
 a - a +0 war axe (weapon)
Armour
 b - a +0 scale mail
 c - a +0 kite shield (worn)
 l - a +0 chain mail (worn)
   (You took it off a hobgoblin on level 2 of the Dungeon)
Jewellery
 j - an amulet of rage (around neck)
   (You found it on level 1 of the Dungeon)
 m - a ring of protection from magic (left hand)
   (You found it on level 1 of the Dungeon)
 q - an uncursed amulet of guardian spirit {unknown}
   (You found it on level 2 of the Dungeon)
Wands
 k - a wand of clouds (4)
   (You found it on level 5 of the Dungeon)
Scrolls
 t - a scroll of teleportation
 x - 2 scrolls of remove curse
Potions
 d - a potion of might
 g - a potion of cancellation
 h - a potion of heal wounds {unknown}
 o - 2 potions of lignification {unknown}
 p - 4 potions of curing {unknown}
Comestibles
 e - 3 rations


   Skills:
 + Level 5.5(4.0) Fighting
 * Level 6.1(4.6) Axes
 + Level 5.4(3.9) Armour
 + Level 5.4(3.9) Shields
 + Level 2.3(0.9) Invocations


You had 6 spell levels left.
You didn't know any spells.
Your spell library was empty.

Dungeon Overview and Level Annotations

Branches:
Dungeon (6/15)
 Temple: D:4-7

Altars:
Fedhas
Makhleb
Okawaru
Ru
Sif Muna


Innate Abilities, Weirdness & Mutations

You reflexively headbutt those who attack you in melee.
You have a pair of horns on your head.


Message History

You are too injured to fight recklessly!
You are too injured to fight recklessly!
You are too injured to fight recklessly!
You are too injured to fight recklessly!
You are too injured to fight recklessly!
You are too injured to fight recklessly!
You block the wight's attack.
There is a stone staircase leading up here.
A leopard gecko comes into view.
The leopard gecko hisses angrily.
The leopard gecko bites you but does no damage.
Found a helmet.
You block the leopard gecko's attack.
Okay, then.
An ogre comes into view. It is wielding a +0 giant spiked club.
A centaur comes into view.
The centaur shouts!
The centaur wields a +0 shortbow.
The centaur shoots an arrow.
The arrow hits you!
You die...

#.....#
#.....#
#.....######+#
##+#z.z.......
#..........
#..zz...[..
+..l.......
#..........
#..@.......
#..........
#..........
........O...
.....#≈##....
c....≈# ≈≈
##.. .....# #≈
.. ....≈ ≈#


You could see an ogre, a centaur, 4 wights and a leopard gecko.

Vanquished Creatures
  A phantom (D:5)
  A sky beast (D:5)
  A bullfrog (D:4)
  A scorpion (D:5)
  A crimson imp (D:5)
  A quasit (D:5)
  A jelly (D:5)
  Jessica (D:2)
  4 worker ants
  Robin (D:2)
  3 gnolls (D:2)
  6 adders
  2 shadow imps (D:5)
  2 dart slugs
  3 leopard geckos
  An orc (D:3)
  A ball python (D:4)
  2 giant cockroaches
  7 goblins
  7 hobgoblins
  9 jackals
  3 kobolds (D:2)
  2 quokkas
  2 bats (D:2)
  3 frilled lizards
  A leopard gecko skeleton (D:5)
  8 rats
75 creatures vanquished.

Notes
Turn   | Place    | Note
-------+----------+-------------------------------------------
     0 | D:1      | Flugslaktarn the Minotaur Fighter began the quest for the
                  | Orb.
     0 | D:1      | Reached XP level 1. HP: 19/19 MP: 0/0
   243 | D:2      | Reached XP level 2. HP: 27/27 MP: 1/1
   246 | D:2      | Reached skill level 3 in Axes
   250 | D:2      | Reached XP level 3. HP: 33/33 MP: 2/2
   506 | D:2      | Reached XP level 4. HP: 40/40 MP: 3/3
   559 | D:2      | Noticed Robin
   563 | D:2      | Killed Robin
   563 | D:2      | Reached skill level 4 in Axes
   828 | D:2      | Noticed Jessica
   833 | D:2      | Killed Jessica
   863 | D:3      | Found an iron altar of Okawaru.
   876 | D:3      | Became a worshipper of Warmaster Okawaru
   984 | D:3      | Reached XP level 5. HP: 43/47 MP: 4/4
  1704 | D:4      | Reached skill level 1 in Invocations
  1829 | D:4      | Reached skill level 5 in Axes
  1829 | D:4      | Reached XP level 6. HP: 48/55 MP: 5/5
  1870 | D:4      | Found a sacrificial altar of Ru.
  2133 | D:5      | Entered Level 5 of the Dungeon
  2143 | D:5      | Reached skill level 5 in Fighting
  2158 | D:5      | Reached * piety under Okawaru
  2158 | D:5      | Reached skill level 5 in Armour
  2218 | D:5      | Found a shimmering blue altar of Sif Muna.
  2254 | D:5      | Reached skill level 5 in Shields
  2259 | D:5      | Noticed a sky beast
  2270 | D:5      | Killed a sky beast
  2426 | D:5      | Reached XP level 7. HP: 20/61 MP: 7/7
  2826 | D:5      | Found a burning altar of Makhleb.
  2830 | D:5      | Reached skill level 6 in Axes
  3027 | D:5      | Found a blossoming altar of Fedhas.
  3197 | D:6      | Shot with an arrow by a centaur

Illustrated notes

Levels and vault maps discovered:
D:1:      evilmike_arrival_crescent, layout_loops_corners
D:2:      layout_basic, uniq_robin, uniq_jessica
D:3:      minmay_razor_zed, layout_loops_corners, elyvilon_altar_5,
          okawaru_ov_weapons_minmay, gammafunk_temple_of_torment, first_ration
D:4:      layout_loops_corners, nicolae_overflow_hidden_temple
D:5:      layout_cave_pools, marbit_many_paths, overflow_temple_1_default,
          old_standard_altar
D:6:      layout_gridville, grunt_dithmenos_smoke_and_mirrors, minivault_4

Skill      XL: |  1  2  3  4  5  6  7 |
---------------+----------------------+-----
Axes           | 3 4 5 6 |  6.1
Fighting       | 4 5 |  5.5
Armour         | 4 5 |  5.4
Shields        | 4 5 |  5.4
Invocations    | 1 2 |  2.3

Action                   |  1- 3 |  4- 6 |  7- 9 || total
-------------------------+-------+-------+-------++-------
Melee: War axe           |    67 |   139 |    23 ||   229
       Headbutt          |     8 |    26 |     6 ||    40
 Abil: Evoke Berserk Rag |     1 |       |       ||     1
  Use: Scroll            |       |       |    10 ||    10
  Eat: Chunk             |       |     2 |       ||     2
       Ration            |       |     1 |     1 ||     2
Armor: Scale mail        |    11 |       |       ||    11
       Chain mail        |    17 |    74 |    12 ||   103
Dodge: Dodged            |    15 |    29 |     5 ||    49
Block: Kite shield       |    41 |    83 |     7 ||   131

Table legend:
 A = Non-vault XP
 B = Vault XP
 C = Vault XP percentage of total XP
 D = Non-vault monster count
 E = Vault monster count
 F = Vault count percentage of total count
                 A         B        C        D         E       F
            +---------+---------+-------+---------+---------+-------
      Total |     849 |     120 |  12.4 |      63 |      12 |  16.0
            +---------+---------+-------+---------+---------+-------
        D:1 |      10 |       0 |   0.0 |       5 |       0 |   0.0
        D:2 |      98 |      62 |  38.8 |      28 |       8 |  22.2
        D:3 |      22 |      18 |  45.0 |       5 |       3 |  37.5
        D:4 |     231 |       0 |   0.0 |      15 |       0 |   0.0
        D:5 |     488 |      40 |   7.6 |      10 |       1 |   9.1
            +---------+---------+-------+---------+---------+-------
